 Dungeon Crawl Stone Soup version 0.20-a0-263-g81abdfb (webtiles) character file.

41 patrickswayze the Slasher (level 3, -8/26 HPs)
             Began as a High Elf Chaos Knight on Dec 4, 2016.
             Mangled by a sun demon (10 damage)
             ... summoned by the capriciousness of Xom
             ... on level 2 of the Dungeon.
             The game lasted 00:01:36 (1043 turns).

patrickswayze the Slasher (High Elf Chaos Knight)   Turns: 1043, Time: 00:01:38

Health: -8/26      AC:  7    Str: 11    XL:     3   Next: 32%
Magic:  4/4        EV: 12    Int: 17    God:    Xom [..*...]
Gold:   22         SH:  0    Dex: 14    Spells: 2/2 levels left

rFire  . . .     SeeInvis .     a - +0 falchion (chaos)
rCold  + . .     Gourm    .     b - +2 leather armour
rNeg   . . .     Faith    .     (no shield)
rPois  .         Spirit   .     (helmet restricted)
rElec  .         Reflect  .     (no cloak)
rCorr  .         Harm     .     (no gloves)
MR     .....                    (no boots)
Stlth  +.........               (no amulet)
                                (no ring)
                                (no ring)

@: about to teleport
A: horns 1, iridescent scales 1, cold resistance 1
a: Renounce Religion


You were on level 2 of the Dungeon.
You worshipped Xom.
You were a toy of Xom.
You were not hungry.

You visited 1 branch of the dungeon, and saw 2 of its levels.

You collected 22 gold pieces.


Innate Abilities, Weirdness & Mutations

You have a pair of small horns on your head.
You are partially covered in iridescent scales. (AC +2)
Your flesh is cold resistant. (rC+)


   Skills:
 - Level 3.0 Fighting
 + Level 5.3 Long Blades
 - Level 0.8 Armour
 - Level 2.1 Dodging


You had 2 spell levels left.
You didn't know any spells.

Inventory:

Hand Weapons
 a - a +0 falchion of chaos (weapon)
Armour
 b - a +2 leather armour (worn)
Jewellery
 k - an uncursed amulet of harm
Scrolls
 d - a scroll of teleportation
 e - 2 scrolls of identify
 h - a scroll of magic mapping {unknown}
Comestibles
 c - 2 bread rations
 f - a slice of pizza
 g - a chunk of flesh
 i - 2 beef jerkies
 j - a meat ration


Message History

Your +0 falchion of chaos unmelds from your body.
Your +2 leather armour unmelds from your body.
Your +0 falchion of chaos is briefly surrounded by a scintillating aura of random colours.
Xom's attention turns to you for a moment.
Something forms from out of thin air!
Unknown command.
Unknown command.
A sun demon is nearby!
A sun demon is nearby!
The sun demon barely misses you.
Unknown command.
The sun demon misses you.
You riposte.
You closely miss the sun demon.
As you read the scroll labeled QIV ZEFRUS, it crumbles to dust.
You feel strangely unstable.
It was a scroll of teleportation.
The sun demon hits you!!
Ouch! That really hurt!
* * * LOW HITPOINT WARNING * * *
A shower of butterflies erupts from you!
You are engulfed in flames!
You die...

.#.#........
............
............
.##.........
............
##..........
##.#........
##.#...#############.#
##.##### #...b3@bb..#
##.########.##########
##..........#
#############
............#
############# # #


You could see a sun demon.

Vanquished Creatures
  An adder (D:2)
  A worm (D:2)
  A dart slug (D:1)
  2 leopard geckos
  A ball python (D:1)
  A giant cockroach (D:1)
  A goblin (D:1)
  A hobgoblin (D:1)
  A jackal (D:1)
  2 kobolds
  A kobold (shapeshifter) (D:1)
  6 bats
  2 frilled lizards (D:1)
  5 rats
26 creatures vanquished.

Notes
Turn   | Place    | Note
-------+----------+-------------------------------------------
     0 | D:1      | patrickswayze the High Elf Chaos Knight began the quest for the Orb.
     0 | D:1      | Reached XP level 1. HP: 16/16 MP: 2/2
    84 | D:1      | XOM: harmless Tmut miscast
   142 | D:1      | Reached skill level 4 in Long Blades
   199 | D:1      | Reached XP level 2. HP: 21/21 MP: 3/3
   582 | D:1      | XOM: scenery: create altars
   655 | D:1      | XOM: cloud trail
   739 | D:1      | XOM: give mutations
   739 | D:1      | Gained mutation: You are partially covered in iridescent scales. (AC +2) [Xom's grace]
   739 | D:1      | Gained mutation: Your flesh is cold resistant. (rC+) [Xom's grace]
   739 | D:1      | Gained mutation: You have a pair of small horns on your head. [Xom's grace]
   804 | D:2      | Reached skill level 5 in Long Blades
   935 | D:2      | XOM: cast spell 'Ice Form'
   937 | D:2      | Reached XP level 3. HP: 26/26 MP: 4/4
  1037 | D:2      | XOM: medium Summ miscast
  1038 | D:2      | Noticed a sun demon
  1043 | D:2      | HP: 2/26 [sun demon[the capriciousness of Xom] (24)]
  1043 | D:2      | XOM: butterfly on damage
  1043 | D:2      | Mangled by a sun demon

Vault maps used:
D:1:      dpeg_arrival_rooms_with_view, moated_statue, minmay_tree_intersection
D:2:      serial_forest, infiniplex_forest_lined_3,
          infiniplex_forest_clump_diagonal, infiniplex_forest_clump_long,
          infiniplex_forest_3_way, infiniplex_forest_lined_1,
          infiniplex_forest_corner_1, infiniplex_forest_clump_tiny,
          infiniplex_forest_clump_tiny, infiniplex_forest_lined_room_2

Action                   || total
-------------------------++-------
Melee: Falchion          ||    56
       Unarmed           ||     8
       Headbutt          ||     1
  Use: Scroll            ||     2
 Stab: Paralysed         ||     1
       Sleeping          ||     1
Armor: Leather armour    ||    19
       Skin              ||     5
Dodge: Dodged            ||    40
       Rpst.: Falchion   ||    14
